2128 views
Uploaded 2024-05-11 17:39:12
Game version 1.36 (6115)
18:19 long 1on1 custom game on (2)EchoIsles
Game name "123stg"
Saved by VladStg
2128 views
Uploaded 2024-05-11 17:39:12
Game version 1.36 (6115)
18:19 long 1on1 custom game on (2)EchoIsles
Game name "123stg"

50 units @ 6.4k
/ 0.4k
25 buildings @ 2.7k
/ 1.2k


| Scroll of Regeneration | 3 | 300 |
| Lesser Clarity Potion | 1 | 70 |
| Potion of Healing | 1 | 150 |
| Scroll of Healing | 1 | 250 |
| Potion of Lesser Invulnerability | 1 | 150 |
| total: | 7 | 920g |
| Peasant | 21 | 1575 | / | 0 |
| Footman | 12 | 1620 | / | 0 |
| Priest | 2 | 270 | / | 20 |
| Sorceress | 4 | 620 | / | 80 |
| Rifleman | 2 | 410 | / | 60 |
| Spell Breaker | 9 | 1935 | / | 270 |
| total: | 50 | 6430g | / | 430w |
| Scout Tower | 8 | 240 | / | 160 |
| Arcane Tower | 2 | 140 | / | 100 |
| Guard Tower | 4 | 280 | / | 200 |
| Altar of Kings | 1 | 180 | / | 50 |
| Farm | 8 | 640 | / | 160 |
| Barracks | 1 | 160 | / | 60 |
| Town Hall | 2 | 770 | / | 410 |
| Arcane Vault | 1 | 130 | / | 30 |
| Lumber Mill | 1 | 120 | / | 0 |
| Blacksmith | 1 | 140 | / | 60 |
| Arcane Sanctum | 2 | 300 | / | 280 |
| Keep | 1 | 320 | / | 210 |
| total: | 25 | 2680g | / | 1210w |
| 0:05 | Peasant |
| 0:05 | Peasant |
| 0:12 | Altar of Kings |
| 0:26 | Farm |
| 0:29 | Peasant |
| 0:44 | Barracks |
| 0:47 | Peasant |
| 0:56 | Farm |
| 0:59 | Peasant |
| 1:15 | Peasant |
| 1:23 | Peasant |
| 1:44 | Farm |
| 1:47 | Footman |
| 1:52 | Scout Tower |
| 2:12 | Summon Water Elemental |
| 2:25 | Arcane Tower |
| 2:26 | Footman |
| 3:26 | Peasant |
| 3:42 | Peasant |
| 3:44 | Footman |
| 4:10 | Footman |
| 4:12 | Peasant |
| 4:12 | Peasant |
| 4:18 | Brilliance Aura |
| 4:29 | Town Hall |
| 4:32 | Scout Tower |
| 4:43 | Peasant |
| 4:46 | Footman |
| 5:16 | Arcane Vault |
| 5:18 | Peasant |
| 5:23 | Scout Tower |
| 5:28 | Lumber Mill |
| 5:33 | Footman |
| 5:46 | Peasant |
| 5:51 | Farm |
| 6:20 | Peasant |
| 6:44 | Scroll of Regeneration |
| 7:01 | Guard Tower |
| 7:02 | Peasant |
| 7:08 | Scroll of Regeneration |
| 7:11 | Keep |
| 7:26 | Improved Lumber Harvesting |
| 7:29 | Footman |
| 7:38 | Scout Tower |
| 7:40 | Peasant |
| 7:44 | Lesser Clarity Potion |
| 8:04 | Footman |
| 8:32 | Peasant |
| 8:32 | Peasant |
| 8:32 | Peasant |
| 8:33 | Peasant |
| 8:42 | Scout Tower |
| 9:16 | Footman |
| 9:16 | Footman |
| 9:18 | Arcane Tower |
| 9:20 | Scout Tower |
| 9:37 | Footman |
| 9:44 | Arcane Sanctum |
| 9:48 | Arcane Sanctum |
| 9:53 | Scroll of Regeneration |
| 9:54 | Potion of Healing |
| 10:19 | Guard Tower |
| 10:49 | Defend |
| 11:09 | Scout Tower |
| 11:11 | Scout Tower |
| 11:15 | Priest |
| 11:16 | Priest |
| 11:16 | Sorceress |
| 11:16 | Sorceress |
| 11:28 | Storm Bolt |
| 11:53 | Footman |
| 11:54 | Long Rifles |
| 11:57 | Blacksmith |
| 12:04 | Guard Tower |
| 12:29 | Sorceress |
| 12:29 | Sorceress |
| 12:58 | Farm |
| 13:00 | Farm |
| 13:01 | Farm |
| 13:11 | Summon Water Elemental |
| 13:41 | Town Hall |
| 13:47 | Rifleman |
| 14:02 | Priest Adept Training |
| 14:03 | Sorceress Adept Training |
| 14:03 | Spell Breaker |
| 14:03 | Spell Breaker |
| 14:12 | Farm |
| 14:32 | Spell Breaker |
| 14:50 | Guard Tower |
| 14:53 | Improved Masonry |
| 14:53 | Advanced Lumber Harvesting |
| 15:00 | Potion of Lesser Invulnerability |
| 15:02 | Scroll of Healing |
| 15:14 | Rifleman |
| 15:23 | Spell Breaker |
| 15:24 | Magic Sentry |
| 16:14 | Spell Breaker |
| 16:14 | Spell Breaker |
| 16:52 | Spell Breaker |
| 17:05 | Spell Breaker |
| 17:24 | Spell Breaker |
| 17:59 | Bash |
| Right click | 1489 |
| Select | 471 |
| Select group | 326 |
| Use ability | 117 |
| Build/train/purchase | 111 |
| Assign group | 47 |
| Misc. action | 1 |
22 units @ 2.7k
/ 0.3k
11 buildings @ 1.8k
/ 0.4k


| Healing Salve | 4 | 400 |
| Lesser Clarity Potion | 3 | 210 |
| Scroll of Speed | 2 | 100 |
| Potion of Healing | 1 | 150 |
| Scroll of Town Portal | 1 | 350 |
| total: | 11 | 1210g |
| Peon | 6 | 450 | / | 0 |
| Troll Headhunter | 16 | 2240 | / | 320 |
| total: | 22 | 2690g | / | 320w |
| Altar of Storms | 1 | 180 | / | 50 |
| Orc Burrow | 6 | 960 | / | 240 |
| War Mill | 1 | 205 | / | 0 |
| Voodoo Lounge | 1 | 130 | / | 30 |
| Barracks | 2 | 360 | / | 100 |
| Stronghold | 1 | 315 | / | 190 |
| total: | 11 | 1835g | / | 420w |
| 0:02 | Peon |
| 0:02 | Peon |
| 0:06 | Altar of Storms |
| 0:20 | Orc Burrow |
| 0:30 | Peon |
| 0:47 | War Mill |
| 0:49 | Peon |
| 0:59 | Peon |
| 1:21 | Peon |
| 1:56 | Voodoo Lounge |
| 2:04 | Stronghold |
| 2:10 | Feral Spirit |
| 2:29 | Barracks |
| 3:31 | Healing Salve |
| 3:31 | Healing Salve |
| 3:35 | Troll Headhunter |
| 3:35 | Troll Headhunter |
| 3:46 | Barracks |
| 4:07 | Troll Headhunter |
| 4:23 | Orc Burrow |
| 5:32 | Troll Headhunter |
| 5:32 | Troll Headhunter |
| 5:49 | Lesser Clarity Potion |
| 6:49 | Troll Headhunter |
| 6:49 | Troll Headhunter |
| 7:04 | Healing Salve |
| 7:08 | Scroll of Speed |
| 7:11 | Troll Regeneration |
| 7:25 | Orc Burrow |
| 7:36 | Chain Lighting |
| 8:11 | Orc Burrow |
| 9:24 | Troll Headhunter |
| 9:24 | Troll Headhunter |
| 9:24 | Troll Headhunter |
| 10:12 | Troll Headhunter |
| 10:13 | Troll Headhunter |
| 11:16 | Troll Headhunter |
| 11:16 | Troll Headhunter |
| 11:55 | Troll Headhunter |
| 11:55 | Troll Headhunter |
| 12:03 | Feral Spirit |
| 13:44 | Orc Burrow |
| 13:47 | Steel Ranged Weapons |
| 13:48 | Steel Armor |
| 13:59 | Healing Salve |
| 14:00 | Scroll of Speed |
| 14:01 | Potion of Healing |
| 14:01 | Scroll of Town Portal |
| 14:39 | Orc Burrow |
| 15:08 | Lesser Clarity Potion |
| 15:08 | Lesser Clarity Potion |
| 16:31 | Healing Wave |
| 17:06 | Chain Lighting |
| Right click | 1711 |
| Select group | 474 |
| Select | 354 |
| Misc. action | 140 |
| Build/train/purchase | 63 |
| Assign group | 59 |
| Use ability | 16 |
| Chat | 8 |
| Remove unit | 2 |
| Esc | 1 |